 Dungeon Crawl Stone Soup version 0.29-a0-378-gc08b2e8bf8 (webtiles) character file.

Game seed: 14605393899386492570

534 Antichthon the Covered (level 7, -6/44 HPs)
             Began as a Gargoyle Fighter on May 5, 2022.
             Splashed by a jelly's acid (9 damage)
             ... on level 5 of the Dungeon.
             The game lasted 00:08:32 (4541 turns).

Antichthon the Covered (Gargoyle Fighter)           Turns: 4541, Time: 00:08:33

Health: -6/44      AC: -1    Str: 19    XL:     7   Next: 25%
Magic:  8/8        EV:  7    Int: 11    God:
Gold:   219        SH:  5    Dex:  9    Spells: 6/6 levels left

rFire   . . .      SeeInvis .   a - +1 flail
rCold   . . .      Faith    .   c - +1 buckler
rNeg    + . .      Spirit   .   p - +0 chain mail
rPois   ∞          Reflect  .   (no helmet)
rElec   +          Harm     .   (no cloak)
rCorr   .          Rampage  .   (no gloves)
Will    .....                   (no boots)
Stlth   ..........              (no amulet)
HPRegen 0.14/turn               (no ring)
MPRegen 0.11/turn               (no ring)

@: corroded
A: sickness immunity, AC +4, negative energy resistance 1, electricity
resistance, torment resistance 1, petrification resistance
a: no special abilities


You were on level 5 of the Dungeon.
You visited 1 branch of the dungeon, and saw 5 of its levels.

You collected 219 gold pieces.

Inventory:

Hand Weapons
 a - a +1 flail (weapon)
Armour
 c - a +1 buckler (worn)
 p - a +0 chain mail (worn)
Wands
 j - a wand of acid (6)
Scrolls
 g - 3 scrolls of teleportation
 h - 4 scrolls of enchant weapon
 n - a scroll of poison
Potions
 d - a potion of might
 e - a potion of curing
 f - 4 potions of brilliance
 i - a potion of lignification
 k - a potion of ambrosia
 l - a potion of haste
 m - a potion of invisibility


   Skills:
 * Level 4.3 Fighting
 * Level 4.7 Maces & Flails
 * Level 4.9 Armour
 * Level 1.7 Dodging
 * Level 4.2 Shields
 * Level 2.1 Invocations


You had 6 spell levels left.
You didn't know any spells.
Your spell library contained the following spells:

 Spells                   Type           Power      Damage    Failure   Level
 Animate Skeleton         Necr           0%         N/A       99%         1
 Apportation              Tloc           0%         N/A       99%         1
 Summon Small Mammal      Summ           0%         N/A       99%         1


Dungeon Overview and Level Annotations

Branches:
Dungeon (5/15)
 Temple: D:4-7

Altars:
Sif Muna

Annotations:
D:3 1 runed translucent door, Crazy Yiuf


Innate Abilities, Weirdness & Mutations

You are immune to sickness and miasma.
Your stone body is resilient. (AC +4)
You are immune to poison.
You resist negative energy. (rN+)
You are resistant to electric shocks. (rElec)
You are resistant to unholy torment.
You are immune to petrification.


Message History

b - a scroll of identify
As you read the scroll of identify, it crumbles to dust.
m - a potion of invisibility An adder comes into view.
The adder hisses angrily.
An adder is nearby!
You barely miss the adder. The adder bites you but does no damage.
The adder barely misses you.
You barely miss the adder. The adder bites you but does no damage.
You thump the adder!
You kill the adder!
A jelly comes into view.
A jelly is nearby!
Found 12 gold pieces.
You sock the jelly! The acid corrodes you!
Your hands burn!
The jelly is heavily wounded.
The jelly hits you but does no damage. The jelly hits you.
You are splashed with acid!
You hit the jelly. The acid corrodes you!
Your hands burn!
The jelly is severely wounded.
The jelly hits you. The acid corrodes you!
You are splashed with acid!
You hit the jelly but do no damage.
Your hands burn!
The jelly is severely wounded.
The jelly barely misses you.
You hit the jelly.
Your hands burn!
The jelly is almost dead.
The jelly hits you but does no damage.
You hit the jelly but do no damage.
Your hands burn!
The jelly is almost dead.
The jelly completely misses you.
You barely miss the jelly.
The jelly is almost dead.
The jelly hits you.
* * * LOW HITPOINT WARNING * * *
The acid corrodes you!
You are splashed with acid!
* * * LOW HITPOINT WARNING * * *
The jelly hits you.
* * * LOW HITPOINT WARNING * * *
You are splashed with acid!
You die...

#..# #..# #.$#
#..# ##..# ... #
#J# #. #@#
##.###.#######
###...#.........
.........#######
###...#.#######
##...........
####.####... #.#
#.. #.# #.# #


You could see a jelly.

Vanquished Creatures
  2 sky beasts
  An ogre (D:2)
  A hound (D:5)
  A jelly (D:4)
  An iguana (D:5)
  Jessica (D:3)
  6 adders
  2 dart slugs
  7 orcs
  6 endoplasms
  A giant cockroach (D:1)
  11 goblins
  8 hobgoblins
  11 jackals
  2 quokkas
  A ball python (D:2)
  5 bats
  6 frilled lizards (D:2)
  13 kobolds
  5 rats
91 creatures vanquished.

Notes
Turn   | Place    | Note
-------+----------+-------------------------------------------
     0 | D:1      | Antichthon the Gargoyle Fighter began the quest for the
                  | Orb.
     0 | D:1      | Reached XP level 1. HP: 14/14 MP: 1/1
   161 | D:1      | Reached XP level 2. HP: 19/19 MP: 2/2
   346 | D:1      | Reached XP level 3. HP: 18/23 MP: 3/3
  1450 | D:2      | Reached skill level 1 in Dodging
  1450 | D:2      | Reached XP level 4. HP: 27/29 MP: 4/4
  1503 | D:2      | Noticed an ogre
  1512 | D:2      | Killed an ogre
  1513 | D:2      | Reached skill level 1 in Invocations
  1513 | D:2      | Reached XP level 5. HP: 11/33 MP: 5/5
  2120 | D:3      | Noticed a sky beast
  2152 | D:3      | Killed a sky beast
  2153 | D:3      | Reached XP level 6. HP: 16/38 MP: 5/7
  2641 | D:3      | Found a runed translucent door.
  2642 | D:3      | Noticed Crazy Yiuf
  2842 | D:3      | Found a faded altar of an unknown god.
  2978 | D:3      | Noticed Jessica
  2981 | D:3      | Killed Jessica
  3786 | D:4      | Noticed a sky beast
  3815 | D:4      | Killed a sky beast
  3816 | D:4      | Reached XP level 7. HP: 17/43 MP: 8/8
  4397 | D:4      | Found a shimmering blue altar of Sif Muna.
  4469 | D:5      | Entered Level 5 of the Dungeon
  4541 | D:5      | Splashed by a jelly's acid

Illustrated notes

Levels and vault maps discovered:
D:1:      dpeg_arrival_rhombus, layout_basic
D:2:      minmay_evil_eye, layout_rooms, minmay_lizard_pond
D:3:      layout_loops_ring, hellmonk_ecumenical_altar_dog_temple,
          uniq_crazy_yiuf_cottage, uniq_jessica
D:4:      layout_basic, nicolae_sif_muna_condensation
D:5:      layout_loops_ring, minmay_between

Skill      XL: |  1  2  3  4  5  6 |
---------------+-------------------+-----
Dodging        | 1 |  1.7
Maces & Flails | 3 4 |  4.7
Invocations    | 1 2 |  2.1
Fighting       | 4 |  4.3
Armour         | 4 |  4.9
Shields        | 4 |  4.2

Action                   |  1- 3 |  4- 6 |  7- 9 || total
-------------------------+-------+-------+-------++-------
Melee: Flail             |   104 |   159 |    30 ||   293
  Use: Scroll            |     3 |     9 |     2 ||    14
       Potion            |       |     1 |       ||     1
Armor: Scale mail        |    58 |    90 |       ||   148
       Chain mail        |       |    14 |    26 ||    40
Dodge: Dodged            |    68 |    69 |     6 ||   143
Block: Buckler           |    25 |    38 |     3 ||    66

Table legend: (Time is in decaauts)
 A = Elapsed time spent in this place.
 B = Non-inter-level travel time spent in this place.
 C = Inter-level travel time spent in this place.
 D = Time resting spent in this place.
 E = Time spent auto-exploring this place.
 F = Levels seen in this place.
 G = Mean time per level.
                   A        B        C        D        E       F      G
               +--------+--------+--------+--------+--------+-----+--------+
         Total |   4618 |   4452 |    166 |    546 |   3038 |   5 |  923.6 |
       Dungeon |   4618 |   4452 |    166 |    546 |   3038 |   5 |  923.6 |
               +--------+--------+--------+--------+--------+-----+--------+

Top non-repeatable levels by time:
     D:3: 1230 daAuts
     D:4: 1199 daAuts
     D:2: 1161 daAuts
     D:1: 951 daAuts
     D:5: 75 daAuts
